 Dungeon Crawl Stone Soup version 0.29-a0-506-ga2e7fffb44 (webtiles) character file.

Game seed: 17024997943913656340

79 porpoise the Shooter (level 4, -3/28 HPs)
             Began as a Tengu Hunter on May 29, 2022.
             Killed from afar by an orc wizard (10 damage)
             ... with a magic dart
             ... on level 3 of the Dungeon.
             The game lasted 00:05:08 (2030 turns).

porpoise the Shooter (Tengu Hunter)                 Turns: 2030, Time: 00:05:08

Health: -3/28      AC:  5    Str: 11    XL:     4   Next: 37%
Magic:  5/5        EV: 11    Int: 10    God:
Gold:   101        SH:  0    Dex: 19    Spells: 3/3 levels left

rFire   . . .      SeeInvis .   b - +4 dagger
rCold   . . .      Faith    .   (no shield)
rNeg    . . .      Spirit   .   j - +0 ring mail
rPois   .          Reflect  .   (helmet restricted)
rElec   .          Harm     .   (no cloak)
rCorr   .          Rampage  .   (no gloves)
Will    .....                   (boots unavailable)
Stlth   ..........              (no amulet)
HPRegen 0.09/turn               (no ring)
MPRegen 0.09/turn               (no ring)

@: confused
A: beak, talons 3
a: no special abilities


You were on level 3 of the Dungeon.
You visited 1 branch of the dungeon, and saw 3 of its levels.

You collected 101 gold pieces.

Inventory:

Hand Weapons
 a - a +1 shortbow
 b - a +4 dagger (weapon)
Armour
 j - a +0 ring mail (worn)
Magical Staves
 e - a staff of air
Jewellery
 f - a ring of magical power
Wands
 m - a wand of iceblast (9)
Scrolls
 c - a scroll of immolation
 d - a scroll of teleportation {unknown}
 h - a scroll of vulnerability {unknown}
 k - 2 scrolls of identify {unknown}
Potions
 g - a potion of curing {unknown}
 i - 2 potions of heal wounds {unknown}
 l - a potion of haste {unknown}


   Skills:
 + Level 3.4 Fighting
 + Level 5.4 Bows
 - Level 2.1 Dodging
 - Level 1.0 Stealth


You had 3 spell levels left.
You didn't know any spells.
Your spell library contained the following spells:

 Spells                   Type           Power      Damage    Failure   Level
 Apportation              Tloc           0%         N/A       67%         1
 Necrotize                Necr           0%         1d4       67%         1
 Summon Small Mammal      Summ           0%         N/A       67%         1
 Vampiric Draining        Necr           0%         2d6       95%         3
 Agony                    Necr           0%         N/A       100%        5


Dungeon Overview and Level Annotations

Branches:
Dungeon (3/15)

Altars:
Wu Jian

Shops:
D:2 [


Innate Abilities, Weirdness & Mutations

You have a beak for a mouth.
You have claws for feet.


Message History

You are too confused!
Non-targeted confused shoot: a) +1 shortbow
Press: ? - help, Q - select action, (/) - cycle Dir - look around, f - activate You shoot an arrow.
You are more confused.
Unknown command.
Non-targeted confused shoot: a) +1 shortbow
Press: ? - help, Q - select action, (/) - cycle Dir - look around, f - activate You shoot an arrow.
An orc wizard comes into view. It is wielding a +0 dagger.
Unknown command.
A puff of flame appears from out of thin air!
The puff of flame hits you.
The orc wizard gestures at you while chanting.
The magic dart hits you.
You're too confused to move!
An orc comes into view. It is wielding a +0 club.
The orc wizard casts a spell at you. The puff of flame misses you.
You bump into the rock wall.
The orc wizard gestures at you while chanting.
The puff of flame hits you!
You're too confused to move!
You bump into the rock wall.
You hear some strange, mumbled words.
You are more confused.
Non-targeted confused shoot: a) +1 shortbow
Press: ? - help, Q - select action, (/) - cycle Dir - look around, f - activate You shoot an arrow.
Something hits you.
* * * LOW HITPOINT WARNING * * *
Unknown command.
b - a +4 dagger (weapon)
You bump into the rock wall.
Something hits you but does no damage.
You bump into the rock wall.
Something hits you but does no damage.
You bump into the rock wall.
You hear some strange, mumbled words.
A magic dart appears from out of thin air!
The magic dart hits you!
You die...

..######.#####.###
#
.........##......
# .....###.##.##.#
# ... #.##.... ###
. #.##..# #..
#.##..####)>. #.[
#............ #..
#..##.#####.. #.#
#..##@# #.#
#..##{# #..
#.###o# ### ..#
#.# #......$.#
##.#.....# ####
#....... .....
...>..#.# .####
.#.)...#...


You could see an orc wizard.

Vanquished Creatures
  A worm (D:2)
  2 dart slugs (D:1)
  5 bats
  12 endoplasms
  A giant cockroach (D:3)
  3 goblins
  3 hobgoblins (D:1)
  6 jackals
  3 quokkas
  9 ball pythons
  9 frilled lizards (D:1)
  7 kobolds
  5 rats
66 creatures vanquished.

Notes
Turn   | Place    | Note
-------+----------+-------------------------------------------
     0 | D:1      | porpoise the Tengu Hunter began the quest for the Orb.
     0 | D:1      | Reached XP level 1. HP: 12/12 MP: 2/2
     3 | D:1      | Noticed an electric eel
   263 | D:1      | Reached XP level 2. HP: 18/18 MP: 3/3
   618 | D:1      | Reached XP level 3. HP: 20/22 MP: 4/4
   675 | D:1      | Reached skill level 5 in Bows
  1425 | D:2      | Reached XP level 4. HP: 28/28 MP: 5/5
  1553 | D:2      | Found an ornate altar of the Wu Jian Council.
  1711 | D:2      | Found Xadithacs's Antique Armour Boutique.
  2030 | D:3      | Killed from afar by an orc wizard

Illustrated notes

Levels and vault maps discovered:
D:1:      arrival_aquarium_a, layout_loops_ring, dreamdust_wishing_well,
          minivault_27, minmay_lizard_pond
D:2:      layout_loops_ring, serial_shops,
          nicolae_shop_temple_entry_statues_fountains, basic_altar,
          kennysheep_generic_room_12
D:3:      layout_loops_cross, nicolae_overflow_ecumenical_swirl,
          chequers_ecumenical_altar_twisty, amcnicky_mini_rare_corridor_liquid,
          minmay_misc_feat_alley, minmay_pentangle, uniq_sigmund

Skill      XL: |  1  2  3 |
---------------+----------+-----
Bows           | 5 |  5.4
Fighting       | 3 |  3.4
Dodging        | |  2.1
Stealth        | |  1.0

Action                   |  1- 3 |  4- 6 || total
-------------------------+-------+-------++-------
 Fire: Shortbow          |   104 |    49 ||   153
Armor: Leather armour    |    13 |       ||    13
       Ring mail         |     4 |     5 ||     9
Dodge: Dodged            |    22 |     8 ||    30

Table legend: (Time is in decaauts)
 A = Elapsed time spent in this place.
 B = Non-inter-level travel time spent in this place.
 C = Inter-level travel time spent in this place.
 D = Time resting spent in this place.
 E = Time spent auto-exploring this place.
 F = Levels seen in this place.
 G = Mean time per level.
                   A        B        C        D        E       F      G
               +--------+--------+--------+--------+--------+-----+--------+
         Total |   2078 |   2052 |     26 |    266 |   1439 |   3 |  692.7 |
       Dungeon |   2078 |   2052 |     26 |    266 |   1439 |   3 |  692.7 |
               +--------+--------+--------+--------+--------+-----+--------+

Top non-repeatable levels by time:
     D:1: 1088 daAuts
     D:2: 764 daAuts
     D:3: 225 daAuts
